 Dungeon Crawl Stone Soup version 0.31.0-11-ge490571c62 (webtiles) character file.

Game seed: 3439522004350700305

74839 Daunt the Brawler (level 14, -10/115 (124) HPs)
             Began as a Demigod Shapeshifter on Jan 30, 2024.
             Collided with a crystal wall (14 damage)
             ... after being knocked back by a rakshasa
             ... on level 15 of the Dungeon.
             The game lasted 01:46:17 (32288 turns).

Daunt the Brawler (Demigod Shapeshifter)           Turns: 32288, Time: 01:46:17

HP:   -10/115 (124) AC:  4    Str: 33    XL:     14   Next: 66%
MP:   17/17         EV: 21    Int: 12    God:
Gold: 1251          SH:  5    Dex: 17    Spells: 13/13 levels left

rFire   . .          .
                       - Unarmed
rCold   + . .        (shield currently unavailable)
rNeg    . . .        (body armour currently unavailable)
rPois   .            (no helmet)
rElec   .            V - +1 cloak
rCorr   .            v - +0 pair of gloves
SInv    .            M - +0 pair of boots
Will    +....        p - amulet of reflection
Stlth   +            e - +6 ring of strength
HPRegen 0.39/turn    C - ring of protection from cold
MPRegen 0.15/turn

%: reflection
@: flux-form, glowing, drained
A: glow, contaminating, high MP 1, forlorn, divine attributes
a: Begin Untransformation


You were on level 15 of the Dungeon.
You were something dangerously unstable.
You visited 2 branches of the dungeon, and saw 20 of its levels.
You also visited: Ossuary.

You collected 1608 gold pieces.
You spent 357 gold pieces at shops.

Inventory:

Hand Weapons
 a - a +2 sling of freezing
Missiles
 c - 3 throwing nets
 r - 7 curare-tipped darts
 x - 44 poisoned darts
 W - 5 atropa-tipped darts
 Y - 6 darts of dispersal
Armour
 v - a +0 pair of gloves (worn)
 M - a +0 pair of boots (worn)
 V - a +1 cloak (worn)
Jewellery
 e - a +6 ring of strength (left hand)
 p - an amulet of reflection (around neck)
 B - a ring of ice
 C - a ring of protection from cold (right hand)
 I - a ring of see invisible
 P - a ring of poison resistance
 X - a ring of fire
Talismans
 d - a flux talisman (active)
 q - a granite talisman
Wands
 l - a wand of quicksilver (4)
 w - a wand of flame (26)
 K - a wand of roots (18)
 N - a wand of polymorph (18)
 R - a wand of charming (33)
 U - a wand of mindburst (5)
Scrolls
 f - 3 scrolls of immolation
 g - a scroll of blinking
 h - 4 scrolls of enchant armour
 j - a scroll of fear {unknown}
 m - 7 scrolls of revelation
 o - 7 scrolls of teleportation
 s - 6 scrolls of fog
 z - a scroll of silence {unknown}
 G - 2 scrolls of torment {unknown}
 O - a scroll of amnesia {unknown}
 Q - 3 scrolls of poison {unknown}
 S - 3 scrolls of vulnerability {unknown}
Potions
 b - 8 potions of lignification
 i - a potion of berserk rage {unknown}
 k - 3 potions of invisibility
 n - 5 potions of curing
 u - 4 potions of might
 A - 2 potions of attraction
 D - 2 potions of haste
 E - 5 potions of heal wounds {unknown}
 H - a potion of resistance
 J - 2 potions of cancellation
 L - 3 potions of enlightenment
 T - a potion of ambrosia {unknown}
 Z - 2 potions of mutation


   Skills:
 - Level 11.1 Fighting
 - Level 8.4 Dodging
 - Level 5.0 Stealth
 - Level 15.7 Unarmed Combat
 - Level 7.2 Evocations
 + Level 11.0 Shapeshifting


You had 13 spell levels left.
You didn't know any spells.
Your spell library contained the following spells:

 Spells                   Type           Power      Damage    Failure   Level
 Hailstorm                Conj/Ice       0%         3d5       69%         3
 Inner Flame              Hex/Fire       0%         N/A       69%         3
 Summon Ice Beast         Ice/Summ       0%         N/A       69%         3
 Tukima's Dance           Hex            0%         N/A       69%         3
 Volatile Blastmotes      Fire/Tloc      0%         2d10      69%         3
 Dimensional Bullseye     Hex/Tloc       0%         N/A       97%         4
 Flame Wave               Conj/Fire      0%         2d4       97%         4
 Fulminant Prism          Conj/Alch      0%         3d5       97%         4
 Iskenderun's Mystic Bla  Conj/Tloc      0%         2d3       97%         4
 Leda's Liquefaction      Alch/Erth      0%         N/A       97%         4
 Sticky Flame             Fire/Alch      0%         2d4       97%         4
 Alistair's Intoxication  Alch           0%         N/A       100%        5
 Borgnjor's Vile Clutch   Necr/Erth      0%         N/A       100%        5
 Lee's Rapid Deconstruct  Erth           0%         3d4*      100%        5
 Summon Forest            Summ/Tloc      0%         N/A       100%        5
 Summon Mana Viper        Hex/Summ       0%         N/A       100%        5
 Bombard                  Conj/Erth      0%         9d1       100%        6
 Eringya's Noxious Bog    Alch           0%         4d6       100%        6
 Sculpt Simulacrum        Ice/Alch       0%         N/A       100%        6
 Summon Cactus Giant      Summ           0%         N/A       100%        6


Dungeon Overview and Level Annotations

Branches:
Dungeon (15/15)            Temple (0/1) D:6            Lair (5/5) D:8
 Shoals (0/4) Lair:2        Snake (0/4) Lair:2        Slime (0/5) Lair:4
    Orc (0/2) D:11        Ossuary (visited)
 Vaults: D:13-14     Depths: D:15

Shops:
D:5 ?   D:10 ?

Annotations:
D:4 1 transporter, 1 runed translucent door, Crazy Yiuf
D:7 Duvessa
D:11 snydleywhiplash's ghost, journeyman TeFi
D:15 Agnes
Lair:4 3 runed translucent doors, Lutiheq's ghost, journeyman DrSh


Innate Abilities, Weirdness & Mutations

You are something dangerously unstable.
You glow with magical radiation, making you easy to see and hit.
Foes you strike become dangerously contaminated with magical radiation.
You are incapable of wielding weapons or throwing items.
You have an increased reservoir of magic. (+10% MP)
You shall have no god before yourself.
Your divine heritage dramatically boosts your attributes as you level up.


Message History

The centaur warrior is heavily wounded.
The centaur warrior unwields a +0 orcbow.
The centaur warrior barely misses you. The centaur warrior kicks you.
* * * LOW HITPOINT WARNING * * *
You block the occultist's attack.
Unknown command.
Unknown command.
Unknown command.
You barely miss the centaur warrior.
The centaur warrior is heavily wounded.
The centaur warrior misses you. The centaur warrior kicks you.
* * * LOW HITPOINT WARNING * * *
Unknown command.
You hit the centaur warrior but do no damage.
The centaur warrior glows dangerously bright.
The centaur warrior is heavily wounded.
Your battlesphere is engulfed in blazing flames.
The centaur warrior closely misses you. x2; You block the occultist's attack.
Unknown command.
You pummel the centaur warrior!!
The centaur warrior shudders as magic cascades through it!!
You kill the centaur warrior!
Your battlesphere is engulfed in blazing flames.
Your efreet hits the occultist with a +4 scimitar of flaming!!
Your efreet burns the occultist.
The occultist dies!
The occultist's corpse shimmers and vanishes!
You closely miss the rakshasa.
Your battlesphere is engulfed in blazing flames.
Unknown command.
You hit the rakshasa.
The rakshasa begins to glow.
The rakshasa is lightly wounded.
Your efreet hits the rakshasa with a +4 scimitar of flaming!
Your efreet burns the rakshasa!
The rakshasa gestures at you. The lance of force hits you!!
* * * LOW HITPOINT WARNING * * *
You are knocked back by the lance of force.
You slam into the crystal wall!
You die...

##..# #........
#...#####........
####................
##...................
...........###'###...
..........##RRQ*.##
.........##.......#
.#######.#.)#####..#
#.#pQ# ..# #.#8*# 8#
#.#..# # #.#..# ##..
##.. ##


You could see a rakshasa (contam, ally target), a tengu conjurer, a battlesphere
(distracted), a friendly efreet (summoned), a friendly tengu conjurer (summoned,
ally target) and a friendly battlesphere.

Vanquished Creatures
  Roxanne (D:14)
  Josephine (Lair:3)
  Snorg (D:11)
  5 hydras
  3 centaur warriors
  2 catoblepae
  A boulder beetle (D:13)
  6 two-headed ogres
  A tengu warrior (D:13)
  An occultist (D:15)
  A skyshark (Lair:5)
  3 skeletal warriors (D:13)
  Amaemon (D:9)
  Lodul (D:13)
  An arcanist (D:13)
  A lindwurm (Lair:3)
  A steelbarb worm (Lair:1)
  4 deep elf pyromancers
  2 orc sorcerers (D:15)
  Maurice (D:8)
  22 ugly things
  Joseph (D:9)
  3 meliai
  11 elephants
  5 black mambas
  2 gargoyles
  An orange demon (D:9)
  14 cane toads
  10 komodo dragons
  A rime drake (Lair:4)
  A tengu conjurer (D:14)
  A queen bee (shapeshifter) (D:13)
  9 polar bears
  2 trolls
  6 hornets
  A snapping turtle (Lair:2)
  3 dream sheep (Lair:5)
  16 blink frogs
  2 shadows
  Sigmund (D:2)
  14 spriggans
  39 yaks
  7 wraiths
  A centaur simulacrum (D:14)
  2 vampires
  A water elemental (Lair:2)
  2 wyverns
  Grum (D:9)
  5 basilisks
  A steam dragon (D:7)
  4 vampire mosquitoes (D:10)
  2 nagas (Lair:2)
  2 acid dragons
  22 water moccasins
  An orc warrior (D:11)
  4 black bears
  3 laughing skulls (D:14)
  10 ogres
  4 boggarts (Lair:5)
  31 wolves
  3 centaurs
  2 phantoms
  3 kobold brigands
  A weeping skull (Ossuary)
  12 bullfrogs
  2 gnoll sergeants
  A scorpion (D:10)
  4 water moccasin zombies (Ossuary)
  4 wights (D:9)
  Dowan (D:7)
  2 electric eels
  3 howler monkeys
  A centaur zombie (D:4)
  3 hounds (D:6)
  5 jellies
  A bullfrog zombie (D:4)
  3 bombardier beetles
  A gnoll bouda (D:9)
  2 orc priests
  3 iguanas
  A scorpion zombie (D:4)
  Natasha (thrice) (D:2)
  4 orc wizards
  2 hell rats (Lair:1)
  3 crocodile zombies (Ossuary)
  2 hound zombies (D:4)
  A howler monkey zombie (D:4)
  2 mummies (Ossuary)
  15 gnolls
  8 adders
  2 white imps (D:5)
  7 adder zombies
  An adder skeleton (D:4)
  5 dart slugs
  A ribbon worm (D:5)
  28 orcs
  6 endoplasms
  4 giant cockroaches
  8 gnoll zombies (Ossuary)
  13 goblins
  15 hobgoblins
  6 jackals
  4 quokkas
  7 ball pythons
  4 bats
  3 frilled lizards
  6 jackal zombies (Ossuary)
  19 kobolds
  4 orc zombies (Ossuary)
  7 rats
554 creatures vanquished.

Vanquished Creatures (collateral kills)
  A boulder beetle (D:14)
  A blink frog (Lair:5)
  A basilisk (Lair:5)
  2 hell rats (Lair:1)
5 creatures vanquished.

Vanquished Creatures (others)
  A yak (D:12)
  An electric eel (Lair:1)
  A hell rat (Lair:1)
  A kobold (D:7)
4 creatures vanquished.

Grand Total: 563 creatures vanquished

Notes
Turn   | Place    | Note
-------+----------+-------------------------------------------
     0 | D:1      | Daunt the Demigod Shapeshifter began the quest for the Orb.
     0 | D:1      | Reached XP level 1. HP: 15/15 MP: 3/3
   119 | D:1      | Reached skill level 3 in Unarmed Combat
   142 | D:1      | Reached XP level 2. HP: 21/22 MP: 4/4
   408 | D:2      | Reached XP level 3. HP: 27/27 MP: 5/5
  1062 | D:2      | Noticed Natasha
  1072 | D:2      | Killed Natasha
  1073 | D:2      | Reached XP level 4. HP: 4/34 MP: 6/6
  1347 | D:2      | Noticed Sigmund
  2476 | D:4      | Found a transporter.
  2502 | D:4      | Reached XP level 5. HP: 33/39 MP: 7/7
  2567 | D:4      | Found a transporter.
  2590 | D:4      | Reached skill level 5 in Shapeshifting
  2837 | D:5      | Entered Level 5 of the Dungeon
  2864 | D:4      | Reached XP level 6. HP: 32/46 MP: 8/8
  3702 | D:4      | Found a runed translucent door.
  3703 | D:4      | Noticed Crazy Yiuf
  3831 | D:5      | Noticed a water moccasin
  3840 | D:5      | Killed a water moccasin
  3841 | D:5      | Reached XP level 7. HP: 24/51 MP: 9/9
  3967 | D:5      | Reached skill level 1 in Fighting
  4054 | D:5      | Reached skill level 4 in Unarmed Combat
  4300 | D:6      | Found a sand-covered staircase.
  4332 | Ossuary  | Entered an ossuary
  4417 | Ossuary  | Reached skill level 5 in Unarmed Combat
  4606 | Ossuary  | Reached XP level 8. HP: 44/62 MP: 10/10
  5031 | D:5      | Found Nozoppi's Magic Scroll Boutique.
  5039 | D:5      | Bought a scroll of noise for 13 gold pieces
  5039 | D:5      | Bought a scroll of identify for 26 gold pieces
  5039 | D:5      | Bought a scroll of summoning for 123 gold pieces
  5326 | D:5      | Reached skill level 6 in Unarmed Combat
  5336 | D:5      | You fall into a shaft and drop 3 floors!
  5880 | D:7      | Noticed Dowan
  5890 | D:7      | Noticed Duvessa
  5933 | D:7      | Killed Dowan
  6158 | D:6      | Reached skill level 7 in Unarmed Combat
  6170 | D:6      | Reached skill level 1 in Stealth
  6383 | D:6      | Found a staircase to the Ecumenical Temple.
  6772 | D:9      | Noticed Joseph
  6806 | D:9      | Killed Joseph
  6807 | D:9      | Reached XP level 9. HP: 11/72 MP: 11/11
  7169 | D:10     | Entered Level 10 of the Dungeon
  7188 | D:9      | Reached skill level 5 in Fighting
  7188 | D:9      | Reached skill level 8 in Unarmed Combat
  7310 | D:9      | Noticed Grum
  7428 | D:9      | Reached skill level 9 in Unarmed Combat
  7445 | D:9      | Killed Grum
  7688 | D:9      | Noticed an orange demon
  7689 | D:9      | Noticed Amaemon
  8034 | D:8      | Noticed Maurice
  8060 | D:8      | Maurice stole 6 silver javelins
  8070 | D:8      | Maurice stole a flux talisman
  8071 | D:8      | Maurice stole a ring of wizardry
  8099 | D:8      | Killed Maurice
  8312 | D:8      | Reached skill level 10 in Unarmed Combat
  8312 | D:8      | Reached XP level 10. HP: 73/84 MP: 13/13
  8475 | D:8      | Noticed an elephant
  8476 | D:8      | Found a staircase to the Lair.
  8485 | D:8      | Killed an elephant
  9687 | D:9      | Killed Amaemon
  9688 | D:9      | Reached skill level 11 in Unarmed Combat
  9973 | D:10     | Noticed Sonja
  9974 | D:10     | Sonja changed into Sonja the scorpion
  9974 | D:10     | Noticed Sonja
  9978 | D:10     | Killed Sonja the scorpion
 10234 | D:10     | Found Zepaimn's Magic Scroll Emporium.
 10243 | D:10     | Bought a scroll of fog for 52 gold pieces
 10243 | D:10     | Bought a scroll of fog for 52 gold pieces
 10243 | D:10     | Bought a scroll of teleportation for 39 gold pieces
 10243 | D:10     | Bought a scroll of identify for 26 gold pieces
 10243 | D:10     | Bought a scroll of identify for 26 gold pieces
 10310 | D:10     | Reached skill level 1 in Evocations
 11336 | D:11     | Found a staircase to the Orcish Mines.
 11448 | Lair:1   | Entered Level 1 of the Lair of Beasts
 11806 | Lair:1   | Reached XP level 11. HP: 92/94 MP: 14/14
 12425 | Lair:1   | Reached skill level 12 in Unarmed Combat
 13325 | Lair:1   | Noticed Urug
 13347 | Lair:1   | Urug changed into Urug the steelbarb worm
 13347 | Lair:1   | Noticed Urug
 13356 | Lair:1   | Killed Urug the steelbarb worm
 13357 | Lair:1   | Reached skill level 5 in Stealth
 13638 | Lair:2   | Noticed a catoblepas
 13650 | Lair:2   | Killed a catoblepas
 13821 | Lair:2   | Found a staircase to the Snake Pit.
 14123 | Lair:2   | Noticed a lindwurm
 15067 | Lair:3   | Noticed an eight-headed hydra
 15098 | Lair:3   | Killed an eight-headed hydra
 15212 | Lair:3   | Reached skill level 5 in Dodging
 15301 | Lair:3   | Noticed a fire crab
 15433 | Lair:3   | Reached XP level 12. HP: 103/103 MP: 15/15
 15714 | Lair:3   | Noticed Josephine
 15732 | Lair:3   | Reached skill level 13 in Unarmed Combat
 15788 | Lair:3   | Killed Josephine
 16080 | Lair:3   | Reached skill level 5 in Evocations
 16245 | Lair:2   | Found a staircase to the Shoals.
 17711 | Lair:4   | Noticed a six-headed hydra
 17721 | Lair:4   | Killed a six-headed hydra
 17848 | Lair:4   | Found a staircase to the Slime Pits.
 17896 | Lair:4   | Found a runed translucent gate.
 17897 | Lair:4   | Found a runed translucent gate.
 17898 | Lair:4   | Found a runed translucent gate.
 17900 | Lair:4   | Noticed a minotaur
 17907 | Lair:4   | Noticed Lutiheq's ghost (journeyman DrSh)
 18250 | Lair:4   | Reached skill level 14 in Unarmed Combat
 18447 | Lair:5   | Entered Level 5 of the Lair of Beasts
 19025 | Lair:5   | Reached skill level 10 in Fighting
 19344 | Lair:5   | Reached XP level 13. HP: 113/113 MP: 16/16
 19982 | Lair:5   | Identified the orb "Juaminn" {*channel, +Blink Str+3 Dex+2}
 20534 | D:11     | Noticed Snorg
 20545 | D:11     | Killed Snorg
 21082 | D:11     | Found a large runed translucent door.
 21082 | D:11     | Found a large runed translucent door.
 21088 | D:11     | Noticed snydleywhiplash's ghost (journeyman TeFi)
 21855 | D:13     | Reached skill level 15 in Unarmed Combat
 23450 | D:13     | Identified the +6 chain mail "Veuwev" {rElec}
 24589 | D:14     | Noticed Roxanne
 24723 | D:14     | Killed Roxanne
 25200 | D:14     | Reached XP level 14. HP: 116/124 MP: 17/17
 25948 | D:14     | Noticed Lodul
 26120 | D:13     | Killed Lodul
 27838 | D:15     | Entered Level 15 of the Dungeon
 27849 | D:15     | Noticed Agnes
 28896 | Lair:5   | Reached skill level 10 in Shapeshifting
 30437 | D:2      | Killed Sigmund
 30598 | D:2      | Noticed Natasha
 30607 | D:2      | Killed Natasha
 30960 | D:2      | Noticed Natasha
 30965 | D:2      | Killed Natasha
 32288 | D:15     | HP: 4/115 [rakshasa/lance of force (22)]
 32288 | D:15     | Collided with a crystal wall

Illustrated notes

Levels and vault maps discovered:
D:1:      ebering_trefoil_3fold, layout_loops_cross,
          hellmonk_ecumenical_altar_blasted, minmay_indecisive_spiral
D:2:      layout_loops_corners, basic_altar, minmay_split_cup_large,
          uniq_natasha, uniq_sigmund
D:3:      layout_rooms, kennysheep_slug_shrine, nicolae_ru_path_of_blood
D:4:      gammafunk_wand_slinger, layout_cave_pools, serial_undead,
          serial_undead_d, serial_undead_c, serial_undead_a, serial_undead_f,
          grunt_ministairs_6, kennysheep_decorative_pillar,
          uniq_crazy_yiuf_cottage
D:5:      layout_basic, nicolae_vehumet_altar_sigil, serial_shops, shop
D:6:      layout_gridville, minmay_temple_entry_trees, enter_ossuary_1
D:7:      layout_basic, general_overflow_altar, mainiacjoe_overflow_paths,
          chequers_temple_overflow_minitemple, uniq_duvessa
D:8:      layout_loops_corners, grunt_lair_entry_orc_guard_hut,
          kennysheep_generic_room_7, uniq_maurice
D:9:      layout_basic, fedhas_ov_isle_minmay, uniq_grum, uniq_amaemon,
          uniq_joseph
D:10:     layout_long_grid, serial_shops, shop, skrybe_limestone_x, uniq_sonja
D:11:     layout_basic, david_orc_2, ebering_ghost_disaster_area, uniq_snorg
D:12:     layout_rooms
D:13:     layout_layer_cave
D:14:     layout_cave_pools, grunt_vaults_entry_fortified,
          hangedman_decor_slide_cut, minmay_misc_feat_cross, trog_hazing_becter,
          uniq_roxanne, uniq_lodul
D:15:     grunt_enter_depths_magical_seal, layout_irregular_city,
          nicolae_trove_entry_isolated, gauntlet_entry_generic, uniq_agnes
Lair:1:   layout_cave_pods, serial_bayou_lagoon_b, grunt_megastairs_1, uniq_urug
Lair:2:   layout_gridlike, minmay_shoals_entry_hut, guppyfry_snake_entry_island
Lair:3:   layout_gridlike, forest_entry_grove, uniq_josephine
Lair:4:   layout_gridlike, slime_entry_1, maelrawn_ghost_gauntlet_escape,
          grunt_forest_small_clearing_treed, serial_bayou_shore_a,
          grunt_megastairs_3
Lair:5:   minmay_lair_end_enchanted_forest, layout_long_grid, grunt_megastairs_5

Skill      XL: |  1  2  3  4  5  6  7  8  9 10 11 12 13 14 |
---------------+-------------------------------------------+-----
Unarmed Combat | 3 5 7 10 11 12 14 15 | 15.7
Shapeshifting  | 3 4 5 6 7 11 | 11.0
Fighting       | 2 4 6 7 8 10 11 | 11.1
Stealth        | 2 3 5 |  5.0
Dodging        | 2 5 6 8 |  8.4
Evocations     | 2 4 5 7 |  7.2

Action                     |  1- 3 |  4- 6 |  7- 9 | 10-12 | 13-15 || total
---------------------------+-------+-------+-------+-------+-------++-------
  Melee: Unarmed           |   142 |   200 |   435 |   795 |   832 ||  2404
         Punch             |     2 |     1 |       |       |       ||     3
Ability: Begin Untransform |       |       |       |     1 |       ||     1
  Evoke: Wand              |       |     3 |     8 |    19 |     2 ||    32
    Use: Scroll            |       |       |    10 |     6 |     6 ||    22
         Potion            |       |       |       |     2 |     3 ||     5
   Stab: Sleeping          |     2 |       |       |     1 |       ||     3
         Distracted        |     1 |       |       |       |     1 ||     2
 Armour: Animal skin       |    58 |    54 |       |       |       ||   112
         Skin              |       |    29 |   126 |   295 |   325 ||   775
  Dodge: Dodged            |    76 |   111 |   206 |   452 |   527 ||  1372
  Block: Other             |     2 |    34 |    53 |   124 |   117 ||   330
         Reflection        |       |     2 |     3 |     1 |     9 ||    15
   Form: Flux              |       |     1 |       |     1 |       ||     2
